 Dungeon Crawl Stone Soup version 0.29.1-15-g9cfb28693d (console) character file.

Game seed: 16208379035815651177

25 om the Stinger (level 3, -1/24 HPs)
             Began as a Merfolk Venom Mage on Apr 24, 2023.
             Was a Follower of Vehumet.
             Slain by a gnoll
             ... wielding a +0 club
              (3 damage)
             ... on level 2 of the Dungeon.
             The game lasted 00:03:07 (1337 turns).

om the Stinger (Merfolk Venom Mage)                 Turns: 1337, Time: 00:03:07

Health: -1/24      AC:  2    Str:  8    XL:     3   Next: 6%
Magic:  4/6        EV: 12    Int: 16    God:    Vehumet [*.....]
Gold:   54         SH:  0    Dex: 14    Spells: 2/6 levels left

rFire   . . .      SeeInvis .   j - +0 trident
rCold   . . .      Faith    .   (no shield)
rNeg    . . .      Spirit   .   a - +0 robe
rPois   .          Reflect  .   (no helmet)
rElec   .          Harm     .   (no cloak)
rCorr   .          Rampage  .   (no gloves)
Will    .....                   (no boots)
Stlth   ++........              (no amulet)
HPRegen 0.08/turn               f - ring of wizardry
MPRegen 0.10/turn               (no ring)

@: brilliant
A: (nimble swimmer 2), mertail
a: Renounce Religion


You were on level 2 of the Dungeon.
You worshipped Vehumet.
Vehumet was aware of your devotion.
You visited 1 branch of the dungeon, and saw 2 of its levels.

You collected 54 gold pieces.

Inventory:

Hand Weapons
 j - a +0 trident (weapon)
Armour
 a - a +0 robe (worn)
Jewellery
 f - a ring of wizardry (left hand)
Potions
 b - a potion of magic
 c - a potion of attraction {unknown}
 d - a potion of brilliance
 e - a potion of flight {unknown}
 g - 2 potions of heal wounds {unknown}
 h - a potion of curing {unknown}
 i - a potion of berserk rage {unknown}


   Skills:
 * Level 2.7 Dodging
 + Level 2.2 Stealth
 * Level 2.4 Spellcasting
 + Level 2.0 Transmutations
 + Level 3.9 Poison Magic


You had 2 spell levels left.
You knew the following spells:

 Your Spells              Type           Power      Damage    Failure   Level
a - Sting                 Tmut/Pois      68%        1d6       2%          1
b - Poisonous Vapours     Pois/Air       24%        N/A       6%          2
c - Sandblast             Erth           4%         2d4       9%          1

Your spell library contained the following spells:

 Spells                   Type           Power      Damage    Failure   Level
 Mephitic Cloud           Conj/Pois/Air  9%         N/A       14%         3
 Olgreb's Toxic Radiance  Pois           21%        N/A       16%         4
 Petrify                  Tmut/Erth      7%         N/A       45%         4
 Metabolic Englaciation   Hex/Ice        1%         N/A       89%         5
 Statue Form              Tmut/Erth      4%         N/A       100%        6


Dungeon Overview and Level Annotations

Branches:
Dungeon (2/15)

Altars:
Makhleb
Vehumet


Innate Abilities, Weirdness & Mutations

((You are very nimble when in or above water. (Stealth+, EV+, Speed+++)))
Your lower body shifts to a powerful aquatic tail in water.


Message History

2 gnolls come into view.
The gnoll shouts!
The hobgoblin shouts!
A gnoll comes into view. It is wielding a +0 halberd.
The hobgoblin throws a stone.
The stone barely misses you.
The gnoll shouts!
An endoplasm comes into view.
A kobold comes into view. It is wielding a +0 club.
The hobgoblin throws a stone.
The stone hits you. The gnoll attacks as you move away!
The gnoll hits you with a +0 club. The gnoll attacks as you move away!
The gnoll misses you. The gnoll attacks as you move away!
The gnoll barely misses you.
Casting: Sting (safe; 2% risk of failure)
Confirm with . or Enter, or press ? or * to list all spells.
Aiming: Sting (safe; 2% risk of failure)
Press: ? - help, Shift-Dir - straight line, f - gnoll
Aim: a gnoll, wielding a +0 club (75% to hit)
The sting hits the gnoll.
The gnoll is poisoned.
The gnoll is lightly wounded.
The gnoll hits you with a +0 club.
Casting: Sting (safe; 2% risk of failure)
Confirm with . or Enter, or press ? or * to list all spells.
Aiming: Sting (safe; 2% risk of failure)
Press: ? - help, Shift-Dir - straight line, f/p - gnoll
Aim: a gnoll, wielding a +0 club (lightly wounded, poisoned, 75% to hit)
The sting hits the gnoll.
The gnoll looks even sicker.
The gnoll is heavily wounded.
The gnoll hits you with a +0 club.
Unknown command.
The gnoll hits you with a +0 club! The hobgoblin hits you.
* * * LOW HITPOINT WARNING * * *
The gnoll attacks as you move away! The gnoll completely misses you.
The gnoll hits you with a +0 whip.
* * * LOW HITPOINT WARNING * * *
The hobgoblin hits you but does no damage.
You aren't carrying any scrolls.
Unknown command.
It was a potion of brilliance.
You feel clever all of a sudden. The gnoll hits you with a +0 club.
You die...

#)>.#...####.##.#
#.#...## #..
###.[###.##.# #.......
##
##)....##.########....).
####...............#...
##.......###....###..
#..#.........######..
#.........).........#
####.g..#.........#..
#@g<##.........###
#.g.##.........#
#...##.........###
#...##............
###########.#.....
#.#.._.. #.......
###..... ###...


You could see 2 gnolls and a hobgoblin.

Vanquished Creatures
  A dart slug (D:1)
  2 endoplasms (D:1)
  3 giant cockroaches (D:1)
  3 goblins
  A hobgoblin (D:1)
  3 ball pythons (D:1)
  4 bats (D:1)
  4 kobolds
  A rat (D:1)
22 creatures vanquished.

Notes
Turn   | Place    | Note
-------+----------+-------------------------------------------
     0 | D:1      | om the Merfolk Venom Mage began the quest for the Orb.
     0 | D:1      | Reached XP level 1. HP: 13/13 MP: 3/3
   225 | D:1      | Reached XP level 2. HP: 19/19 MP: 3/5
   556 | D:1      | Learned a level 2 spell: Poisonous Vapours
  1095 | D:2      | Found a faded altar of an unknown god.
  1101 | D:2      | Prayed at the altar of an unknown god.
  1101 | D:2      | Became a worshipper of Vehumet
  1101 | D:2      | Reached * piety under Vehumet
  1101 | D:2      | Offered knowledge of Sandblast by Vehumet.
  1104 | D:2      | Learned a level 1 spell: Sandblast
  1203 | D:2      | Reached XP level 3. HP: 23/24 MP: 3/6
  1254 | D:2      | Found a burning altar of Makhleb.
  1337 | D:2      | Slain by a gnoll

Illustrated notes

Levels and vault maps discovered:
D:1:      tarquinn_simple_flora_water_e, layout_rooms,
          chequers_serial_rivers_small_3
D:2:      layout_rooms, nicolae_ecumenical_pavilion, basic_altar, uniq_terence

Skill      XL: |  1  2 |
---------------+-------+-----
Transmutations | 2 |  2.0
Dodging        | |  2.7
Stealth        | |  2.2
Spellcasting   | |  2.4
Poison Magic   | |  3.9

Action                   || total
-------------------------++-------
Melee: Dagger            ||    15
       Unarmed           ||     1
 Cast: Sting             ||    33
  Use: Scroll            ||     1
       Potion            ||     1
 Stab: Sleeping          ||     1
Armor: Robe              ||     3
Dodge: Dodged            ||    18
